 Dungeon Crawl Stone Soup version 0.22.0-6-g71bd7aa6b3 (webtiles) character file.

105 Rerark the Ducker (level 4, -7/33 HPs)
             Began as a Vampire Gladiator on Aug 14, 2018.
             Killed by divine providence
             ... invoked by an orc priest
              (14 damage)
             ... on level 3 of the Dungeon.
             The game lasted 00:09:05 (2351 turns).

Rerark the Ducker (Vampire Gladiator)               Turns: 2351, Time: 00:09:05

Health: -7/33      AC:  7    Str: 14    XL:     4   Next: 53%
Magic:  4/4        EV: 12    Int: 10    God:
Gold:   52         SH:  0    Dex: 15    Spells: 3/3 levels left

rFire    + . .     SeeInvis +   a - +0 war axe
rCold    + . .     Gourm    .   (no shield)
rNeg     + + .     Faith    .   q - -2 ring mail (curse)
rPois    +         Spirit   .   c - +0 helmet
rElec    .         Reflect  .   (no cloak)
rCorr    .         Harm     .   (no gloves)
MR       .....                  i - +2 pair of boots {run}
Stlth    ++........             (no amulet)
HPRegen  0.05/turn              r - ring of protection from fire
MPRegen  0.09/turn              (no ring)

@: regenerating slowly, quick
A: fangs 3, see invisible, unbreathing
a: Bat Form


You were on level 3 of the Dungeon.
You were very thirsty.

You visited 1 branch of the dungeon, and saw 3 of its levels.

You collected 52 gold pieces.

Inventory:

Hand Weapons
 a - a +0 war axe (weapon)
Missiles
 d - 3 throwing nets (quivered)
Armour
 b - a +0 leather armour
 c - a +0 helmet (worn)
 i - a +2 pair of boots of running (worn)
 j - a cursed +0 leather armour
 n - a +0 ring mail
 o - a +0 centaur barding
 q - a cursed -2 ring mail (worn)
Jewellery
 r - a ring of protection from fire (left hand)
Wands
 s - a wand of digging (9)
Scrolls
 f - 5 scrolls of identify {unknown}
 g - 2 scrolls of fear {unknown}
 m - a scroll of enchant weapon {unknown}
 t - a scroll of magic mapping {unknown}
Potions
 e - 22 potions of blood
 h - 2 potions of lignification {unknown}
 k - a potion of agility {unknown}
 l - a potion of cancellation {unknown}
 p - 3 potions of curing {unknown}


   Skills:
 + Level 2.2 Fighting
 + Level 3.7 Axes
 + Level 1.6 Throwing
 + Level 1.0 Armour
 + Level 4.1 Dodging
 + Level 1.0 Stealth


You had 3 spell levels left.
You didn't know any spells.
Your spell library was empty.

Dungeon Overview and Level Annotations

Branches:
Dungeon (3/15)

Altars:


Innate Abilities, Weirdness & Mutations

You heal slowly.
You have razor-sharp teeth.
You have supernaturally acute eyesight. (SInv)
You can survive without breathing.


Message History

You kill the jackal!
Your Armour skill increases to level 1!
The goblin hits you but does no damage.
You closely miss the goblin. Your bite misses the goblin.
The goblin hits you but does no damage.
You miss the goblin. You bite the goblin.
You kill the goblin!
Your Stealth skill increases to level 1!
You closely miss the orc priest.
The orc priest looks braver for a moment.
You slash the orc!
You kill the orc!
You hit the orc priest but do no damage.
The orc priest mumbles some strange prayers to Beogh against you.
Beogh smites you!
* * * LOW HITPOINT WARNING * * *
You barely miss the orc priest. The orc priest barely misses you.
The orc priest invokes the aid of Beogh against you.
Beogh smites you!
You die...

# #.###....#
#.##.......<#
#...(.###+#.#
#####.#.....####
#....รท#......#
###.......#...
#..###..# .
#####...##..#
#...@o......#
#.####o.###....
# #..# ..## #
#g.##.# #.
#.....#
##+#..#.#####.#
#......o$.h...#
#$.!...########
#...[.o


You could see 2 orc priests.

Vanquished Creatures
  2 adders
  2 oozes
  3 worms (D:2)
  A dart slug (D:1)
  A leopard gecko (D:1)
  An orc (D:3)
  3 ball pythons
  8 bats
  2 giant cockroaches (D:1)
  10 goblins
  8 hobgoblins
  4 jackals
  2 kobolds (D:1)
  5 frilled lizards
  11 rats
63 creatures vanquished.

Notes
Turn   | Place    | Note
-------+----------+-------------------------------------------
     0 | D:1      | Rerark the Vampire Gladiator began the quest for the Orb.
     0 | D:1      | Reached XP level 1. HP: 16/16 MP: 1/1
   144 | D:1      | Reached XP level 2. HP: 17/22 MP: 2/2
   396 | D:1      | Reached skill level 4 in Dodging
   571 | D:1      | Reached XP level 3. HP: 27/27 MP: 3/3
   657 | D:1      | Identified a +2 pair of boots of running (You found it on level 1 of the Dungeon)
  1141 | D:2      | Reached XP level 4. HP: 23/33 MP: 4/4
  2345 | D:3      | Reached skill level 1 in Armour
  2347 | D:3      | Reached skill level 1 in Stealth
  2351 | D:3      | Killed from afar by an orc priest

Skill      XL: |  1  2  3  4 |
---------------+-------------+-----
Dodging        | 4 |  4.1
Axes           | 3 |  3.7
Fighting       | 2 |  2.2
Armour         | 1 |  1.0
Stealth        | 1 |  1.0
Throwing       | |  1.6

Action                   |  1- 3 |  4- 6 || total
-------------------------+-------+-------++-------
Melee: War axe           |   119 |    75 ||   194
       Bite              |     6 |     9 ||    15
  Use: Potion            |     1 |     1 ||     2
 Stab: Sleeping          |       |     5 ||     5
Armor: Leather armour    |    43 |       ||    43
       Ring mail         |     3 |    26 ||    29
Dodge: Dodged            |   123 |    45 ||   168
